Map: Sludge City

Players

FlamBa

  • Race: Protoss Protoss
  • Spawn Location: 9:00

Alex

  • Race: Zerg Zerg
  • Spawn Location: 11:00

Gracz - Winner!

  • Race: Terran Terran
  • Spawn Location: 5:00

vhallee - Winner!

  • Race: Terran Terran
  • Spawn Location: 5:00

VOD

Have the link to the VOD?

Description

Time

  • Played on: March 5, 2016, 9:22 a.m.
  • Length: 14:52
Show
View Real Time Build Order
Export as new Build Order

FlamBa Protoss 

Build Orders:  

Get SALT Encoding   

  12  0:02  Probe (Chrono Boost)  
  13  0:13  Probe (Chrono Boost)  
  14  0:24  Pylon  
  14  0:28  Probe (Chrono Boost)  
  16  0:43  Probe (Chrono Boost), Gateway  
  16  0:46  Assimilator  
  16  0:53  Probe (Chrono Boost)  
  17  1:04  Probe (Chrono Boost)  
  18  1:14  Probe (Chrono Boost)  
  19  1:25  Probe (Chrono Boost)  
  20  1:30  Cybernetics Core  
  20  1:33  Zealot  
  20  1:35  Pylon  
  20  1:38  Probe (Chrono Boost)  
  23  1:40  Assimilator  
  23  1:53  Probe (Chrono Boost)  
  24  2:04  Probe (Chrono Boost)  
  25  2:09  Warp Gate (Chrono Boost)  
  25  2:11  Gateway  
  25  2:14  Pylon  
  25  2:15  Forge  
  25  2:18  Adept  
  27  2:32  Mothership Core  
  29  2:48  Pylon  
  29  2:50  Adept  
  31  2:53  Protoss Ground Weapons Level 1 (Chrono Boost)  
  31  3:11  Nexus  
  31  3:19  Adept  
  33  3:41  Photon Cannon  
  33  3:42  Photon Cannon  
  33  3:52  Photon Cannon  
  33  4:03  Probe  
  33  4:05  Gateway  
  34  4:14  Pylon  
  34  4:22  Stargate  
  34  4:28  Probe  
  34  4:30  Pylon  
  35  4:31  Probe  
  36  4:42  Probe  
  36  4:44  Probe  
  38  4:52  Probe  
  38  4:53  Photon Cannon  
  38  4:56  Probe  
  40  5:03  Probe  
  41  5:08  Probe  
  41  5:09  Phoenix  
  41  5:13  Probe  
  44  5:18  Gateway  
  45  5:23  Robotics Facility  
  45  5:30  Probe  
  45  5:34  Probe  
  45  5:35  Assimilator  
  47  5:38  Adept  
  47  5:39  Assimilator  
  47  5:40  Probe  
  50  5:46  Probe  
  51  6:01  Phoenix  
  53  6:06  Stalker x2  
  57  6:23  Stalker  
  59  6:26  Phoenix  
  57  6:54  Stargate  
  57  6:55  Stargate  
  57  7:00  Pylon  
  57  7:01  Stalker  
  57  7:02  Stalker  
  57  7:03  Stalker  
  57  7:04  Pylon, Adept  
  57  7:07  Pylon  
  59  7:33  Phoenix  
  59  7:36  Stalker x2  
  65  7:37  Stalker  
  65  7:38  Stalker  
  69  7:58  Phoenix  
  71  8:12  Stalker  
  73  8:13  Stalker  
  73  8:15  Stalker  
  77  8:27  Nexus  
  77  8:28  Phoenix  
  79  8:37  Probe  
  80  8:43  Pylon  
  80  8:55  Immortal  
  84  8:57  Phoenix x2  
  88  9:10  Nexus  
  88  9:12  Pylon  
  88  9:20  Stalker x2  
  88  9:21  Assimilator, Stalker x2  
  96  9:25  Assimilator, Protoss Ground Armor Level 1 (Chrono Boost)  
  96  9:27  Forge  
  96  9:31  Cybernetics Core  
  96  9:49  Probe  
  97  9:57  Stalker x3  
  97  9:58  Stalker  
  105  10:00  Probe  
  105  10:03  Protoss Shields Level 1 (Chrono Boost)  
  106  10:08  Phoenix  
  106  10:10  Probe  
  106  10:13  Phoenix  
  111  10:25  Probe  
  111  10:26  Probe  
  113  10:35  Probe  
  113  10:37  Probe  
  113  10:40  Pylon  
  115  10:44  Photon Cannon  
  115  10:45  Photon Cannon  
  115  10:46  Probe  
  115  10:47  Photon Cannon  
  115  10:49  Photon Cannon  
  116  10:57  Probe  
  116  11:02  Pylon  
  116  11:03  Stalker  
  119  11:04  Assimilator, Stalker  
  119  11:05  Stalker  
  119  11:06  Stalker  
  119  11:07  Probe  
  119  11:09  Assimilator  
  119  11:10  Phoenix x3  
  132  11:18  Probe  
  125  11:52  Void Ray x3  
  137  11:55  Stalker x3  
  137  11:56  Stalker  
  137  11:59  Protoss Air Weapons Level 1  
  145  12:10  Fleet Beacon  
  145  12:13  Robotics Bay  
  87  13:17  Void Ray x2  
  87  13:18  Void Ray  
  99  13:20  Stalker  
  95  13:54  Observer  
  96  14:00  Void Ray x3  
  108  14:03  Probe  
  109  14:14  Probe  
  109  14:15  Observer  
  110  14:24  Probe  
  109  14:35  Probe  
Show
View Real Time Build Order
Export as new Build Order

Alex Zerg 

Build Orders: Pool First 

Get SALT Encoding   

  12  0:20  Drone x2  
  14  0:31  Spawning Pool  
  13  0:59  Hatchery  
  13  1:03  Drone  
  13  1:04  Drone  
  14  1:23  Overlord  
  14  1:41  Queen  
  16  2:10  Drone x3  
  16  2:15  Queen  
  21  2:30  Roach Warren  
  20  2:52  Overlord  
  20  2:53  Zergling x10  
  25  3:32  Drone x2  
  25  3:33  Drone x4  
  31  3:51  Extractor  
  31  3:54  Extractor  
  29  4:12  Drone x2  
  29  4:13  Drone x4  
  35  4:46  Hatchery  
  34  4:57  Zergling x4  
  34  4:58  Overlord x4  
  36  5:43  Roach x7  
  36  5:44  Roach x2  
  53  6:18  Lair  
  53  6:25  Ravager x2  
  42  8:30  Overlord x3  
  42  8:38  Overlord x2  
  42  8:39  Overlord  
  42  8:43  Overlord x3  
  42  8:48  Queen  
  44  9:00  Queen  
  46  9:07  Queen  
  48  9:58  Roach x6  
  60  10:10  Roach x5  
  60  10:11  Roach  
  72  10:17  Roach x4  
  72  10:18  Roach x2  
  84  10:36  Hydralisk Den  
  83  11:03  Drone x3  
  75  11:27  Ravager x4  
  75  11:28  Ravager x2  
  39  13:58  Overlord  
  39  13:59  Overlord x2  
  39  14:07  Overlord x3  
  39  14:08  Overlord  
Show
View Real Time Build Order
Export as new Build Order

Gracz Terran - Winner!

Build Orders:  

Get SALT Encoding   

  12  0:05  SCV  
  13  0:17  SCV  
  14  0:29  Supply Depot, SCV  
  15  0:55  Supply Depot  
  15  0:56  Barracks  
  15  1:18  Engineering Bay  
  15  1:19  Refinery, SCV  
  16  1:31  SCV  
  17  1:34  Refinery  
  17  1:43  SCV  
  18  1:52  Marine  
  19  1:55  SCV  
  20  2:07  SCV  
  21  2:19  SCV  
  22  2:36  Barracks Reactor  
  22  2:38  Factory  
  22  3:03  Command Center  
  22  3:09  Refinery  
  22  3:15  Orbital Command  
  22  3:17  Building Armor  
  22  3:18  Marine  
  23  3:20  Marine  
  24  3:35  Refinery  
  24  3:55  Barracks  
  24  3:57  Factory Tech Lab  
  24  3:59  Factory, Reaper  
  24  4:00  Reaper  
  24  4:01  Supply Depot  
  26  4:24  Orbital Command  
  26  4:29  SCV  
  27  4:38  Siege Tank  
  30  4:41  SCV  
  31  4:53  SCV  
  31  4:54  Factory Tech Lab  
  31  4:56  Starport  
  32  5:05  Armory  
  32  5:21  Sensor Tower  
  32  5:32  Reaper x2  
  34  5:43  Barracks Tech Lab  
  34  5:55  Starport Tech Lab  
  34  6:05  Barracks, Starport  
  34  6:13  Fusion Core  
  34  6:20  SCV  
  34  6:22  SCV  
  37  6:32  SCV  
  37  6:34  SCV  
  38  6:45  SCV  
  38  6:46  SCV  
  40  6:57  Starport Tech Lab  
  40  7:00  Terran Vehicle And Ship Armor Level 1, Starport  
  40  7:05  Terran Infantry Weapons Level 1  
  40  7:24  Engineering Bay  
  40  7:29  Weapon Refit  
  40  7:44  Starport Tech Lab  
  40  7:51  Supply Depot, Starport  
  40  7:55  Barracks Reactor  
  40  7:56  Reaper x2  
  40  7:57  Marauder  
  44  8:04  Ghost Academy  
  44  8:07  SCV  
  45  8:19  SCV  
  46  8:24  Battlecruiser  
  52  8:31  SCV  
  53  8:40  Command Center  
  53  8:42  Starport Tech Lab  
  53  8:43  SCV  
  54  8:52  Starport  
  54  8:54  Terran Vehicle Weapons Level 1  
  54  8:59  Hi-Sec Auto Tracking  
  54  9:00  Marine x2  
  54  9:02  Neosteel Frame  
  56  9:07  Ghost  
  58  9:19  SCV  
  58  9:21  SCV  
  60  9:32  SCV  
  60  9:33  SCV  
  60  9:37  Refinery  
  62  9:46  Personal Cloaking  
  62  9:50  Starport Tech Lab  
  62  9:52  SCV x2  
  64  9:57  Orbital Command  
  64  10:17  Refinery  
  64  10:21  Terran Infantry Armor Level 1  
  64  10:40  Orbital Command  
  64  10:49  Terran Ship Weapons Level 1  
  64  11:03  Battlecruiser x2  
  76  11:12  Nuke  
  76  11:23  Terran Infantry Weapons Level 2  
  76  11:36  SCV  
  77  11:46  Armory  
  77  11:55  Viking x2, SCV  
  82  12:08  SCV  
  83  12:20  SCV  
  52  14:23  Marine x3, Marauder  
  52  14:24  Marine  
Show
View Real Time Build Order
Export as new Build Order

vhallee Terran - Winner!

Build Orders:  

Get SALT Encoding   

  12  0:45  SCV  
  12  0:49  Command Center  
  13  0:54  Supply Depot  
  13  0:57  SCV  
  14  1:09  SCV  
  15  1:18  Barracks  
  15  1:21  SCV  
  16  1:33  SCV  
  17  1:43  Refinery  
  17  1:45  SCV  
  19  2:05  Orbital Command  
  19  2:06  Orbital Command  
  19  2:08  Supply Depot  
  18  2:12  Marine  
  19  2:30  Marine  
  19  2:31  SCV  
  19  2:32  SCV  
  22  2:44  SCV  
  22  2:45  SCV  
  22  2:48  Factory  
  22  2:49  Marine  
  25  2:56  SCV  
  25  2:57  SCV  
  25  2:58  Refinery  
  27  3:01  Refinery  
  27  3:02  Refinery  
  27  3:09  SCV x2  
  28  3:21  SCV x2  
  30  3:32  Factory Reactor  
  30  3:33  Starport, SCV x2  
  30  3:34  Marine  
  33  3:42  Supply Depot  
  33  3:44  Engineering Bay  
  33  3:45  SCV x2  
  35  3:51  Marine  
  36  3:57  SCV x2  
  36  4:00  Liberator x2  
  38  4:07  Command Center  
  38  4:09  Marine, SCV x2  
  41  4:15  Factory Tech Lab  
  41  4:21  SCV x2  
  49  4:31  Marine  
  50  4:33  SCV  
  50  4:34  SCV  
  52  4:41  Supply Depot  
  52  4:45  Liberator  
  52  4:46  Supply Depot  
  52  4:50  Liberator  
  52  4:51  SCV x2  
  54  5:03  Siege Tank  
  54  5:05  Barracks Tech Lab  
  60  5:08  SCV x2  
  60  5:13  Supply Depot  
  65  5:15  Supply Depot  
  65  5:20  Orbital Command  
  65  5:28  Liberator  
  65  5:33  Liberator  
  71  6:09  Starport  
  71  6:11  Liberator  
  71  6:12  Armory  
  71  6:16  Liberator, Starport  
  71  6:21  Siege Tank  
  77  6:54  Liberator  
  77  6:58  Liberator  
  74  7:10  Starport Reactor x2  
  74  7:44  Liberator x2  
  74  7:45  Liberator x3  
  74  7:53  Orbital Command  
  80  8:12  Command Center  
  80  8:14  Command Center, Siege Tank  
  80  8:27  Supply Depot  
  80  8:29  Supply Depot  
  80  8:32  Terran Ship Weapons Level 1, Supply Depot  
  80  8:44  Liberator x2  
  80  8:49  SCV  
  81  8:56  Supply Depot  
  81  8:58  Supply Depot  
  81  9:01  Supply Depot, SCV  
  81  9:02  Liberator x2  
  88  9:03  Refinery  
  88  9:08  Refinery  
  88  9:09  Missile Turret  
  88  9:10  Missile Turret  
  88  9:13  Missile Turret  
  88  9:14  SCV  
  88  9:15  Missile Turret  
  95  9:26  SCV  
  95  9:28  Supply Depot  
  96  9:38  SCV  
  97  9:48  Liberator  
  97  9:49  Liberator  
  97  9:50  SCV  
  98  9:53  Fusion Core  
  98  10:00  Armory  
  98  10:02  SCV  
  98  10:03  Supply Depot  
  98  10:04  Supply Depot  
  105  10:11  Planetary Fortress  
  105  10:14  SCV  
  105  10:17  Planetary Fortress  
  106  10:26  SCV  
  107  10:35  Liberator x2  
  107  10:36  Liberator x2  
  107  10:55  Refinery x2  
  107  10:56  Refinery  
  119  11:00  Refinery  
  119  11:17  Liberator x2  
  119  11:18  Liberator x2  
  125  12:22  Liberator  
  125  12:23  Liberator x5  
  119  12:43  SCV x2  
  119  12:44  SCV  
  137  12:55  SCV  
  137  12:56  SCV x2  
  140  13:05  Liberator x2  
  140  13:06  Liberator x4  
  158  13:38  Starport  
  158  13:39  SCV  
  158  13:41  SCV  
  160  13:48  Liberator x2  
  160  13:51  SCV  
  160  13:53  SCV  
  162  13:59  Missile Turret  
  162  14:03  SCV  
  162  14:05  SCV  
  170  14:15  SCV  
  171  14:17  SCV  
  171  14:19  Missile Turret  
  172  14:27  SCV  
  172  14:29  SCV  
Tags
 
Add a new tag
Caveats
  • Supply blocks, unpowered buildings, or Contaminate may cause inaccurate times.
  • Supply counts are checked every 10 seconds.